 Dungeon Crawl Stone Soup version 0.22.0-49-gab54619674 (console) character file.

10766 hunterx7d the Carver (level 11, -2/108 HPs)
             Began as a Deep Dwarf Fighter on Sept 4, 2018.
             Was a Priest of Makhleb.
             Succumbed to a guardian serpent's bolt of poison
             ... on level 10 of the Dungeon.
             The game lasted 00:39:02 (8785 turns).

hunterx7d the Carver (Deep Dwarf Fighter)           Turns: 8785, Time: 00:39:03

Health: -2/108     AC: 15    Str: 22    XL:     11   Next: 40%
Magic:  8/8        EV:  6    Int:  9    God:    Makhleb [***...]
Gold:   358        SH:  0    Dex: 13    Spells: 10/10 levels left

rFire    + . .     SeeInvis +   G - +1 great sword (flame)
rCold    . . .     Gourm    +   (shield currently unavailable)
rNeg     . . .     Faith    .   m - +0 plate armour (curse)
rPois    .         Spirit   .   y - +2 hat
rElec    .         Reflect  .   F - +0 cloak
rCorr    .         Harm     .   (no gloves)
MR       +....                  j - +0 pair of boots
Stlth    ..........             i - amulet of the gourmand
HPRegen  0.00/turn              d - ring of see invisible
MPRegen  0.11/turn              A - ring of protection from fire

@: lethally poisoned (-2 -> -11), non-regenerating, slowed, very slow
A: damage resistance, heal wounds, sense surroundings 2, no regeneration
a: Heal Wounds, Minor Destruction, Lesser Servant of Makhleb, Renounce Religion


You were on level 10 of the Dungeon.
You worshipped Makhleb.
Makhleb was most pleased with you.
You were completely stuffed.

You visited 2 branches of the dungeon, and saw 12 of its levels.

You collected 639 gold pieces.
You spent 281 gold pieces at shops.

Inventory:

Hand Weapons
 a - a +0 long sword
 b - a +1 dagger of venom
 G - a +1 great sword of flaming (weapon)
Missiles
 g - 325 stones (quivered)
Armour
 c - a +0 shield
 j - a +0 pair of boots (worn)
 m - a cursed +0 plate armour (worn)
 n - a +0 chain mail
 y - a +2 hat (worn)
 F - a +0 cloak (worn)
Jewellery
 d - a ring of see invisible (left hand)
 i - an amulet of the gourmand (around neck)
 w - an uncursed ring of ice
 A - a ring of protection from fire (right hand)
 D - a cursed ring of poison resistance
Wands
 x - a wand of digging (8)
Scrolls
 h - 3 scrolls of fear {unknown}
 k - a scroll of blinking {unknown}
 o - 3 scrolls of enchant weapon {unknown}
 p - 2 scrolls of identify
 q - 3 scrolls of amnesia
 t - 5 scrolls of remove curse
 v - 3 scrolls of magic mapping
 B - 2 scrolls of teleportation
Potions
 e - 3 potions of heal wounds
 l - 3 potions of brilliance
 r - 2 potions of curing
 s - 2 potions of agility
 u - a potion of ambrosia
 z - 4 potions of lignification
 C - a potion of resistance
Comestibles
 f - 15 rations


   Skills:
 + Level 10.1 Fighting
 + Level 14.1 Long Blades
 - Level 3.2 Armour
 - Level 3.2 Shields
 + Level 3.1 Invocations


You had 10 spell levels left.
You didn't know any spells.
Your spell library contained the following spells:

 Spells                   Type           Power        Failure   Level  Hunger
 Confusing Touch          Hex            #.....       100%        1    ##.....
 Shock                    Conj/Air       #...         100%        1    ##.....
 Swiftness                Chrm/Air       #.......     100%        2    ###....
 Confuse                  Hex            #.......     100%        3    ####...
 Gell's Gravitas          Tloc           #.........   100%        3    ####...
 Static Discharge         Conj/Air       #.......     100%        3    ####...
 Airstrike                Air            #.........   100%        4    #####..
 Petrify                  Tmut/Erth      #.......     100%        4    #####..
 Lightning Bolt           Conj/Air       #.........   100%        5    ######.
 Metabolic Englaciation   Hex/Ice        #.........   100%        5    ######.
 Yara's Violent Unravell  Hex/Tmut       #.........   100%        5    ######.


Dungeon Overview and Level Annotations

Branches:
Dungeon (11/15)            Temple (1/1) D:7
   Lair: D:8-11         Orc: D:9-12

Altars:
Ashenzari
Cheibriados
Dithmenos
Elyvilon
Fedhas
Gozag
Hepliaklqana
Kikubaaqudgha
Makhleb
Nemelex Xobeh
Okawaru
Qazlal
Ru
Sif Muna
Trog
Uskayaw
Vehumet
Wu Jian
Xom
Yredelemnul
Zin
The Shining One

Shops:
D:4 [}!*   D:6 [   D:8 %%[[

Annotations:
D:6 1 runed door, Riddle's ghost, novice GnCj
D:11 Sonja


Innate Abilities, Weirdness & Mutations

You are resistant to damage.
You can heal yourself by infusing magical energy.
You passively map the area around you.
You do not regenerate.


Message History

You are more poisoned.
The guardian serpent hits you but does no damage.
Sonja casts a spell.
Sonja blinks!
The orc priest looks encouraged for a moment.
The guardian serpent barely misses you.
You climb upwards.
You feel sick.
There is a stone staircase leading down here.
You barely miss the guardian serpent. The guardian serpent hits you!!
The You are too injured to fight recklessly!
You are too injured to fight recklessly!
You hit the guardian serpent but do no damage.
The guardian serpent hits you!
* * * LOW HITPOINT WARNING * * *
The guardian serpent casts a spell at you.
The bolt of poison hits you!
You are more poisoned.
* * * LOW HITPOINT WARNING * * *
You hit the guardian serpent but do no damage.
You die...

..######.# #.# #.# #.# #.#
#.# #.############## #.#
#............<.# #.#
#..###########.#
#.######..###########.#
#.........##..........#
#########.##.###########
##..)..##.##.#...S.....#
................@#####.#
.....#.##.##.#.#.# #.#
###....##.##...#.# #.#
..##.####.####.#.#####.#
...#......##.....#.....#
...#.#######.#.###.########
..##)..............##.....#
..#...#..###.#..#####.##.##
.....##...##.#...........#
.....##.#........####.#..#
..#...#.#.##.#.#.#....#..#


You could see a guardian serpent.

Vanquished Creatures
  A two-headed ogre (D:9)
  A gargoyle (D:10)
  6 orange demons (D:10)
  2 red devils (D:10)
  4 hippogriffs
  Sigmund (D:2)
  A wyvern (D:10)
  A human (D:9)
  6 yaks (D:10)
  Eustachio (D:6)
  Grum (D:8)
  3 orc warriors
  A black bear (D:10)
  3 ice beasts
  2 sky beasts
  A phantom (D:9)
  An ogre (D:6)
  4 wolves (D:8)
  A centaur (D:8)
  A crocodile (D:6)
  A big kobold (D:9)
  Blork the orc (D:4)
  3 bullfrogs
  A gnoll sergeant (D:10)
  6 scorpions
  A wyvern skeleton (D:9)
  17 killer bees
  4 crimson imps
  5 howler monkeys
  A bullfrog zombie (D:8)
  4 hounds
  4 jellies
  4 orc priests
  4 bullfrog skeletons
  2 centaur skeletons
  3 iguanas
  7 worker ants
  13 orc wizards
  A hound zombie (D:8)
  3 hound skeletons
  A howler monkey zombie (D:6)
  9 gnolls (D:10)
  2 worker ant zombies
  14 adders
  8 shadow imps
  2 oozes
  5 worms
  2 dart slugs
  5 leopard geckos
  29 orcs
  7 giant cockroaches
  6 goblins
  7 hobgoblins
  11 jackals
  8 kobolds
  5 quokkas
  5 bats
  6 frilled lizards
  A leopard gecko skeleton (D:5)
  A quokka skeleton (D:9)
  11 rats
272 creatures vanquished.

Vanquished Creatures (collateral kills)
  Harold (D:10)
1 creature vanquished.

Grand Total: 273 creatures vanquished

Notes
Turn   | Place    | Note
-------+----------+-------------------------------------------
     0 | D:1      | hunterx7d the Deep Dwarf Fighter began the quest for the
                  | Orb.
     0 | D:1      | Reached XP level 1. HP: 20/20 MP: 1/1
   179 | D:1      | Reached XP level 2. HP: 27/27 MP: 2/2
   532 | D:2      | Reached skill level 3 in Long Blades
   551 | D:2      | Reached XP level 3. HP: 26/34 MP: 3/3
   696 | D:2      | Found a sacrificial altar of Ru.
   712 | D:2      | Reached XP level 4. HP: 29/42 MP: 4/4
   757 | D:2      | Noticed Sigmund
   779 | D:2      | Killed Sigmund
   779 | D:2      | Reached skill level 5 in Long Blades
   779 | D:2      | Reached XP level 5. HP: 20/50 MP: 5/5
   944 | D:1      | Reached XP level 6. HP: 16/57 MP: 6/6
  1517 | D:3      | Found a shadowy altar of Dithmenos.
  1526 | D:3      | Reached skill level 6 in Long Blades
  2092 | D:3      | Reached XP level 7. HP: 43/66 MP: 6/6
  2168 | D:4      | Noticed Blork the orc
  2190 | D:4      | Killed Blork the orc
  2217 | D:4      | Found Ymaewuakh's Distillery.
  2226 | D:4      | Bought a potion of curing for 36 gold pieces
  2226 | D:4      | Bought a potion of agility for 48 gold pieces
  2230 | D:4      | Found Aquimibo's General Store.
  2241 | D:4      | Bought a scroll of identify for 22 gold pieces
  2282 | D:4      | Found a blossoming altar of Fedhas.
  2295 | D:4      | Reached skill level 5 in Fighting
  2351 | D:4      | Found Yfurydgh's Gadget Emporium.
  2365 | D:4      | Reached skill level 7 in Long Blades
  2518 | D:4      | Found Nagehu's Armour Emporium.
  2519 | D:4      | Found Cuenerph's Weapon Shop.
  2555 | D:4      | Found a glowing silver altar of Zin.
  2581 | D:5      | Entered Level 5 of the Dungeon
  3233 | D:5      | Reached XP level 8. HP: 52/75 MP: 7/7
  3307 | D:5      | Found a shadowy altar of Dithmenos.
  3307 | D:5      | Found a hazy altar of Hepliaklqana.
  3441 | D:6      | Noticed Eustachio
  3484 | D:6      | Killed Eustachio
  3484 | D:6      | Reached skill level 8 in Long Blades
  3567 | D:6      | Found Vurec's Antique Armour Shoppe.
  3581 | D:6      | Bought an embroidered hat for 175 gold pieces
  3737 | D:6      | Reached skill level 9 in Long Blades
  3766 | D:6      | Found a runed door.
  3771 | D:6      | Noticed Riddle's ghost (novice GnCj)
  4024 | D:6      | Noticed a hippogriff
  4062 | D:6      | Killed a hippogriff
  4063 | D:6      | Gained mutation: You passively map the area around you.
                  | [Deep Dwarf growth]
  4063 | D:6      | Reached XP level 9. HP: 47/85 MP: 6/6
  4132 | D:6      | Reached skill level 10 in Long Blades
  4381 | D:7      | Found a staircase to the Ecumenical Temple.
  4387 | Temple   | Entered the Ecumenical Temple
  4558 | Temple   | Became a worshipper of Makhleb the Destroyer
  4754 | D:7      | Found a shimmering altar of Xom.
  5048 | D:7      | Found an ornate altar of the Wu Jian Council.
  5049 | D:7      | Found a sparkling altar of Nemelex Xobeh.
  5133 | D:8      | Found Migoll's Antique Armour Boutique.
  5300 | D:8      | Found Buzxin's Antique Armour Shop.
  5422 | D:8      | Found Xyuh's Food Emporium.
  5485 | D:8      | Reached skill level 11 in Long Blades
  5542 | D:8      | Noticed Grum
  5654 | D:8      | Killed Grum
  5765 | D:8      | Found Duenuacy's Food Boutique.
  5831 | D:8      | Reached * piety under Makhleb
  5933 | D:8      | Found a hide-covered altar of Uskayaw.
  6457 | D:9      | Reached XP level 10. HP: 65/96 MP: 7/7
  6503 | D:9      | Noticed a two-headed ogre
  6547 | D:9      | Killed a two-headed ogre
  6547 | D:9      | Reached skill level 12 in Long Blades
  6705 | D:9      | Reached ** piety under Makhleb
  7264 | D:10     | Entered Level 10 of the Dungeon
  7270 | D:10     | Noticed an orange demon
  7469 | D:10     | Noticed an orange demon
  7469 | D:10     | Noticed an orange demon
  7469 | D:10     | Noticed an orange demon
  7652 | D:10     | Killed an orange demon
  7715 | D:10     | Killed an orange demon
  7715 | D:10     | Reached skill level 13 in Long Blades
  7856 | D:10     | Killed an orange demon
  7873 | D:10     | Noticed an orange demon
  7873 | D:10     | Noticed an orange demon
  7901 | D:10     | Killed an orange demon
  7916 | D:10     | Killed an orange demon
  7916 | D:10     | Reached XP level 11. HP: 58/106 MP: 7/7
  8101 | D:10     | Reached *** piety under Makhleb
  8200 | D:10     | Reached skill level 14 in Long Blades
  8342 | D:10     | Reached skill level 1 in Invocations
  8402 | D:10     | Reached skill level 10 in Fighting
  8422 | D:10     | Noticed Harold
  8450 | D:10     | Killed Harold
  8770 | D:11     | Noticed Sonja
  8784 | D:10     | HP: 2/108 [guardian serpent/bolt of poison (23)]
  8785 | D:10     | Succumbed to a guardian serpent's bolt of poison

Skill      XL: |  1  2  3  4  5  6  7  8  9 10 11 |
---------------+----------------------------------+-----
Fighting       | 3 4 5 6 8 9 10 | 10.1
Long Blades    | 3 5 6 7 9 11 13 14 | 14.1
Invocations    | 3 |  3.1
Armour         | |  3.2
Shields        | |  3.2

Action                   |  1- 3 |  4- 6 |  7- 9 | 10-12 || total
-------------------------+-------+-------+-------+-------++-------
Melee: Long sword        |    90 |    93 |   123 |    90 ||   396
       Dagger            |       |   106 |   587 |   494 ||  1187
       Great sword       |       |       |       |    62 ||    62
Throw: Stone             |     6 |       |     2 |       ||     8
       Throwing net      |       |       |       |     1 ||     1
Invok: Lesser Servant of |       |       |       |     2 ||     2
 Abil: Heal Wounds       |       |     5 |    15 |    10 ||    30
  Use: Scroll            |     2 |     6 |     5 |     4 ||    17
       Potion            |     1 |     2 |     3 |     2 ||     8
 Stab: Invisible         |       |     1 |       |       ||     1
  Eat: Chunk             |       |     4 |    11 |    18 ||    33
       Ration            |       |       |     1 |       ||     1
Armor: Scale mail        |    31 |    65 |       |       ||    96
       Chain mail        |       |     2 |   133 |       ||   135
       Plate armour      |       |       |   189 |   274 ||   463
Dodge: Dodged            |    16 |    36 |   108 |    91 ||   251
Block: Shield            |    45 |    80 |   268 |   189 ||   582
       Rpst.: Long sword |     6 |     3 |     6 |     2 ||    17
       Great sword       |       |       |       |     9 ||     9
